 Dungeon Crawl Stone Soup version 0.30-a0-800-g7c54460 (webtiles) character file.

Game seed: 10089046097479870219

270 Illumine the Caller (level 6, -2/35 HPs)
             Began as a Deep Elf Summoner on Feb 20, 2023.
             Slain by a black bear (9 damage)
             ... on level 3 of the Dungeon.
             The game lasted 00:05:38 (2100 turns).

Illumine the Caller (Deep Elf Summoner)             Turns: 2100, Time: 00:05:38

Health: -2/35      AC:  4    Str:  5    XL:     6   Next: 1%
Magic:  8/16       EV: 12    Int: 22    God:
Gold:   193        SH:  0    Dex: 15    Spells: 7/16 levels left

rFire   . . .      SeeInvis .    (no weapon)
rCold   . . .      Faith    .    (no shield)
rNeg    . . .      Spirit   .    a - +0 robe
rPois   .          Reflect  .    o - +0 helmet
rElec   .          Harm     .    j - +0 cloak
rCorr   .          Rampage  .    (no gloves)
Will    .....                    (no boots)
Stlth   ++                       (no amulet)
HPRegen 0.25/turn                (no ring)
MPRegen 0.15/turn                (no ring)

@: no status effects
A: no striking features
a: no special abilities


You were on level 3 of the Dungeon.
You visited 1 branch of the dungeon, and saw 3 of its levels.

You collected 193 gold pieces.

Inventory:

Armour
 a - a +0 robe (worn)
 j - a +0 cloak (worn)
 o - a +0 helmet (worn)
Jewellery
 n - a ring of fire
Scrolls
 d - 2 scrolls of vulnerability
 g - a scroll of teleportation {unknown}
 h - 2 scrolls of enchant weapon
 i - a scroll of fog {unknown}
 k - a scroll of blinking {unknown}
 m - a scroll of enchant armour {unknown}
 p - 3 scrolls of amnesia
Potions
 b - a potion of magic
 e - a potion of degeneration
 f - a potion of flight
 l - a potion of heal wounds {unknown}


   Skills:
 + Level 1.9 Fighting
 + Level 2.4 Dodging
 - Level 2.4 Stealth
 + Level 5.7 Spellcasting
 * Level 1.0 Hexes
 + Level 6.0 Summonings


You had 7 spell levels left.
You knew the following spells:

 Your Spells              Type           Power      Damage    Failure   Level
a - Summon Small Mammal   Summ           100%       N/A       1%          1
b - Call Imp              Summ           32%        N/A       1%          2
c - Call Canine Familiar  Summ           32%        N/A       2%          3
d - Summon Guardian Gole  Hex/Summ       21%        N/A       7%          3

Your spell library contained the following spells:

 Spells                   Type           Power      Damage    Failure   Level
 Sublimation of Blood     Necr           6%         N/A       14%         2
 Wereblood                Tmut           6%         N/A       14%         2
 Portal Projectile        Hex/Tloc       16%        N/A       22%         3
 Summon Lightning Spire   Summ/Air       19%        N/A       26%         4
 Vhi's Electric Charge    Tloc/Air       12%        N/A       28%         3
 Leda's Liquefaction      Hex/Erth       4%         N/A       58%         4
 Arcjolt                  Conj/Air       3%         1d13      95%         5
 Storm Form               Tmut/Air       3%         N/A       100%        7
 Summon Hydra             Summ           16%        N/A       100%        7
 Maxwell's Capacitive Co  Air            3%         ∞         100%        8


Dungeon Overview and Level Annotations

Branches:
Dungeon (3/15)

Altars:

Shops:
D:2 :


Message History

The black bear misses your hound.
The black bear claws your hound but does no damage.
The black bear bites your hound.
Your hound dies!
Your hound's corpse disappears in a puff of smoke!
The black bear growls angrily.
The black bear bites your crimson imp!
The black bear barely misses your crimson imp.
The black bear claws your crimson imp but does no damage.
Your crimson imp closely misses the black bear.
The black bear barely misses your crimson imp.
The black bear claws your crimson imp.
Your crimson imp dies!
Your crimson imp disappears in a puff of smoke!
Casting: Call Imp (safe; 1% risk of failure)
Confirm with . or Enter, or press ? or * to list all spells.
The black bear misses you.
The black bear claws you but does no damage.
The black bear misses you. x2
The black bear claws you but does no damage.
The black bear claws you.
You swap places.
Your hound closely misses the black bear.
The black bear bites you but does no damage.
The black bear claws you. The black bear barely misses you.
The black bear attacks as you move away!
The black bear bites you. The black bear claws you.
The black bear claws you but does no damage.
Your hound bites the black bear but does no damage.
The black bear bites you!
* * * LOW HITPOINT WARNING * * *
The black bear barely misses you. The black bear claws you.
* * * LOW HITPOINT WARNING * * *
Your hound barely misses the black bear.
Your hound bites the black bear.
Casting: Call Canine Familiar (dangerous; 2% risk of failure)
Confirm with . or Enter, or press ? or * to list all spells.
A beastly little devil appears in a puff of flame.
The black bear bites you!
You die...

#.# #.# ### #.# #.#
..# #.# #.# #. #.#
#.# #.# .. #.# #.#
#.# #. #.# #.####.###
#. #.# #.##.....# #.
#.######.##.....# #.
#h.h@5..........####.
########.##..........
..#.......####.
#.#.######## #. #..#
## ... .###


You could see a black bear (berserk, ally target), a friendly hound (summoned)
and a friendly crimson imp (summoned).

Vanquished Creatures
  A ball python (D:1)
1 creature vanquished.

Vanquished Creatures (collateral kills)
  Sigmund (D:2)
  3 adders (D:2)
  2 worms (D:2)
  2 dart slugs
  8 ball pythons
  5 bats
  6 endoplasms
  5 giant cockroaches
  4 goblins
  5 hobgoblins
  13 jackals
  4 quokkas
  A frilled lizard (D:2)
  4 kobolds
  A rat (D:1)
64 creatures vanquished.

Grand Total: 65 creatures vanquished

Notes
Turn   | Place    | Note
-------+----------+-------------------------------------------
     0 | D:1      | Illumine the Deep Elf Summoner began the quest for the Orb.
     0 | D:1      | Reached XP level 1. HP: 10/10 MP: 6/6
    90 | D:1      | Reached XP level 2. HP: 15/15 MP: 4/8
   125 | D:1      | Learned a level 2 spell: Call Imp
   508 | D:1      | Reached XP level 3. HP: 20/20 MP: 5/10
   767 | D:2      | Reached skill level 5 in Summonings
   826 | D:2      | Learned a level 3 spell: Call Canine Familiar
   860 | D:2      | Reached skill level 1 in Fighting
  1054 | D:2      | Reached XP level 4. HP: 25/25 MP: 4/12
  1132 | D:2      | Noticed Sigmund
  1154 | D:2      | Killed Sigmund
  1155 | D:2      | Reached skill level 5 in Spellcasting
  1155 | D:2      | Reached skill level 6 in Summonings
  1155 | D:2      | Reached XP level 5. HP: 30/30 MP: 4/15
  1161 | D:2      | Learned a level 3 spell: Summon Guardian Golem
  1433 | D:2      | Found Fowkouw's Book Shop.
  1970 | D:3      | Reached XP level 6. HP: 30/35 MP: 12/16
  2032 | D:3      | Reached skill level 1 in Hexes
  2100 | D:3      | Slain by a black bear

Illustrated notes

Levels and vault maps discovered:
D:1:      minmay_arrival_open_corners, layout_rooms
D:2:      minmay_spotlight, layout_rooms, serial_shops, nicolae_square_shop,
          uniq_sigmund
D:3:      minmay_angry_zag, layout_loops_ring, uniq_ijyb

Skill      XL: |  1  2  3  4  5  6 |
---------------+-------------------+-----
Spellcasting   | 4 5 |  5.7
Summonings     | 5 6 |  6.0
Fighting       | 1 |  1.9
Hexes          | 1 |  1.0
Dodging        | |  2.4
Stealth        | |  2.4

Action                     |  1- 3 |  4- 6 || total
---------------------------+-------+-------++-------
  Melee: Unarmed           |     3 |       ||     3
   Cast: Summon Small Mamm |    23 |     4 ||    27
         Call Imp          |    10 |     7 ||    17
         Call Canine Famil |     3 |     9 ||    12
    Use: Scroll            |       |     5 ||     5
 Armour: Robe              |    11 |     6 ||    17
  Dodge: Dodged            |    31 |    26 ||    57

Table legend: (Time is in decaauts)
 A = Elapsed time spent in this place.
 B = Non-inter-level travel time spent in this place.
 C = Inter-level travel time spent in this place.
 D = Time resting spent in this place.
 E = Time spent auto-exploring this place.
 F = Levels seen in this place.
 G = Mean time per level.
                   A        B        C        D        E       F      G
               +--------+--------+--------+--------+--------+-----+--------+
         Total |   2099 |   2020 |     79 |     86 |   1407 |   3 |  699.7 |
       Dungeon |   2099 |   2020 |     79 |     86 |   1407 |   3 |  699.7 |
               +--------+--------+--------+--------+--------+-----+--------+

Top non-repeatable levels by time:
     D:2: 1145 daAuts
     D:1: 758 daAuts
     D:3: 195 daAuts
